[Event "*** SCC Grand Prix: Titled Tuesday Blitz"]
[Site "Chess.com"]
[Date "2020.08.25"]
[Round "2"]
[White "salimalamri2020"]
[Black "ChronicUnhappiness"]
[Result "0-1"]
[WhiteElo "2032"]
[BlackElo "2379"]
[TimeControl "180+1"]
[EndTime "10:19:34 PDT"]
[Termination "ChronicUnhappiness won on time"]

1. e4 c5 2. Nf3 Nc6 3. d4 cxd4 4. Nxd4 Nf6 5. Nc3 e5 6. Ndb5 d6 7. Nd5 Nxd5 8. exd5 Nb8 9. c3 Be7 10. Qa4 Bd7 11.
Qa3 O-O 12. Be3 Na6 13. Nxd6 Bc8 14. Bxa6 Bxd6 15. b4 bxa6 16. O-O a5 17. Bc5 axb4 18. cxb4 Bxc5 19. bxc5 Qxd5 20. Rad1 Qc4 21. Rc1 Qa6 22. Qg3 f6 23. c6 Be6 24. a3 Rac8 25. Qf3 Rf7 26. Rfd1 Rfc7 27. Qe4 Qxa3 28. Rc2 h6 29.
Rcd2 Qe7 30. Rd6 Bf7 31. Qb4 Qe8 32. Rd7 Rxc6 33. Qb7 Rc1 34. Rxc1 Rxc1+ 0-1

[Event "*** SCC Grand Prix: Titled Tuesday Blitz"]
[Site "Chess.com"]
[Date "2020.08.25"]
[Round "2"]
[White "Noam_Vitenberg"]
[Black "Semen_Khanin"]
[Result "0-1"]
[WhiteElo "2507"]
[BlackElo "2778"]
[TimeControl "180+1"]
[EndTime "10:19:35 PDT"]
[Termination "Semen_Khanin won by resignation"]

1. d4 Nf6 2. c4 g6 3. Nc3 d5 4. cxd5 Nxd5 5. e4 Nxc3 6. bxc3 Bg7 7. Nf3 c5 8. Be3 Qa5 9. Qd2 O-O 10. Rc1 Nd7 11. d5 Nf6 12. Bd3 c4 13. Bb1 e6 14. d6 Ng4 15. O-O Nxe3 16. Qxe3 Bd7 17. e5 Bc6 18. Rfe1 Rad8 19. Nd4 Bd5 20. Re2 b5 21. Be4 Bxe5 22. Bxd5 Bxd4 23. Qxd4 exd5 24. Qxd5 Rd7 25. Re7 Qd8 26. Rxd7 Qxd7 27. Re1 Rd8 28. Re7 Qf5 29. Qxf5 gxf5 30. Kf1 a6 31. a4 bxa4 32. Rc7 Rxd6 33. Rxc4 Rd1+ 34. Ke2 Ra1 35. Rc6 Kf8 36. Rxa6 Ke7 37. Kf3 Ra2 38. c4 a3 39. c5 Kd7 40. Ke3 Kc7 41. Rf6 Ra1 42. Rxf7+ Kc6 43. Rxf5 a2 44. Rf6+ Kxc5 45. Ra6 Re1+ 46. Kf4 a1=Q 47.
Rxa1 Rxa1 48. Ke5 Ra2 49. f4 Rxg2 50. f5 Rxh2 51. f6 Rf2 52. Ke6 h5 53. f7 h4 54.
Ke7 h3 55. f8=Q Rxf8 56. Kxf8 h2 0-1

[Event "*** SCC Grand Prix: Titled Tuesday Blitz"]
[Site "Chess.com"]
[Date "2020.08.25"]
[Round "2"]
[White "BasilSmash"]
[Black "topotun"]
[Result "0-1"]
[WhiteElo "2477"]
[BlackElo "2722"]
[TimeControl "180+1"]
[EndTime "10:19:35 PDT"]
[Termination "topotun won by checkmate"]

1. d4 Nf6 2. Nf3 c5 3. d5 d6 4. Nc3 g6 5. e4 Bg7 6. Bb5+ Bd7 7.
a4 Bxb5 8. axb5 O-O 9. O-O Nbd7 10. h3 Ne8 11. Re1 Nc7 12. Qe2 Nb6 13. Bf4 Qd7 14. e5 Ncxd5 15. Nxd5 Nxd5 16. Bg3 Nc7 17. exd6 exd6 18.
Rad1 Nxb5 19. c3 Rfe8 20. Qc4 Rxe1+ 21. Nxe1 a6 22. Qxc5 Re8 23. Nf3 Re2 24. c4 Qe8 25.
Qd5 Na7 26. Qxb7 Nc8 27. Bxd6 Rxb2 28. Qc7 Nxd6 29. Rxd6 Rb1+ 30. Kh2 Be5+ 31. Nxe5 Qxe5+ 32. g3 Qe4 33. Rd8+ Kg7 34. Qd6 Rh1# 0-1

[Event "*** SCC Grand Prix: Titled Tuesday Blitz"]
[Site "Chess.com"]
[Date "2020.08.25"]
[Round "2"]
[White "vinniethepooh"]
[Black "MuradNuri"]
[Result "0-1"]
[WhiteElo "2665"]
[BlackElo "2467"]
[TimeControl "180+1"]
[EndTime "10:19:36 PDT"]
[Termination "MuradNuri won on time"]

1. e4 c5 2. Nf3 Nf6 3. Nc3 d5 4.
exd5 Nxd5 5. Bb5+ Bd7 6. Qe2 Nb4 7. d4 Bxb5 8. Nxb5 a6 9. c3 N4c6 10. d5 axb5 11. dxc6 bxc6 12. O-O e6 13. Bf4 Nd7 14. Rfd1 Qc8 15. c4 bxc4 16. Nd2 Be7 17. Nxc4 O-O 18. Rd3 Qb7 19. Rad1 Nf6 20. Rg3 Rfd8 21. Rxd8+ Rxd8 22.
h4 Nd5 23. Be5 f6 24. Bc3 e5 25. Bd2 Qd7 26. h5 Kh8 27. Kh2 Ra8 28. Qe4 Bf8 29.
Qh4 Rxa2 30. h6 g6 31. Ne3 Be7 32. Nxd5 cxd5 33. Be3 Ra4 0-1

[Event "*** SCC Grand Prix: Titled Tuesday Blitz"]
[Site "Chess.com"]
[Date "2020.08.25"]
[Round "2"]
[White "Djager97"]
[Black "Jabberwockiez"]
[Result "1-0"]
[WhiteElo "2455"]
[BlackElo "2252"]
[TimeControl "180+1"]
[EndTime "10:19:36 PDT"]
[Termination "Djager97 won on time"]

1. e4 c5 2. Nf3 d6 3. d4 cxd4 4. Nxd4 Nf6 5. Nc3 Nc6 6. Bg5 e6 7. Qd2 a6 8. O-O-O Bd7 9. f4 h6 10.
Bh4 Be7 11. Nf3 O-O 12. e5 Nd5 13. Bxe7 Qxe7 14. Nxd5 exd5 15. Qxd5 dxe5 16. Qxd7 Qb4 17. Qd2 Qa4 18. Kb1 exf4 19. Bd3 Nb4 20. a3 Nxd3 21.
Qxd3 Rac8 22. Rhe1 b5 23. Re4 Rc4 24. Rxc4 bxc4 25.
Qc3 Rb8 26. Rd4 Rc8 27. Rxf4 Qd7 28. Qd4 Qb5 29. Ka2 c3 30. b3 Qf1 31. Qd7 Rf8 32. Qc7 Qc1 33. Qxc3 Qxf4 34. Kb2 Re8 35. a4 Re2 36.
Qc8+ Kh7 37. Qxa6 Qe4 38. Qc8 1-0

[Event "*** SCC Grand Prix: Titled Tuesday Blitz"]
[Site "Chess.com"]
[Date "2020.08.25"]
[Round "2"]
[White "chessfrendz"]
[Black "shnitez"]
[Result "0-1"]
[WhiteElo "2226"]
[BlackElo "2450"]
[TimeControl "180+1"]
[EndTime "10:19:36 PDT"]
[Termination "shnitez won on time"]

1. d4 Nf6 2. c4 e6 3. Nc3 Bb4 4. e3 b6 5. Nf3 Bb7 6. Bd2 O-O 7.
Bd3 d6 8. O-O Nbd7 9. Ne2 Bxd2 10. Nxd2 e5 11. d5 g6 12. b4 a5 13. a3 Qe7 14.
Nc3 Nh5 15. g4 Ng7 16. f3 f5 17. gxf5 gxf5 18. Qe2 Kh8 19. Kh1 Rg8 20. Qf2 c6 21.
dxc6 Bxc6 22. e4 Nh5 23. Nd5 Bxd5 24. cxd5 Nf4 25. Bb5 Nf6 26. Rg1 Rxg1+ 27. Qxg1 fxe4 28. Nxe4 Nxe4 29. fxe4 Rg8 30. Qxb6 axb4 31. axb4 Qg5 32.
Qf2 Nh3 33. Qg3 Qh5 34. Qe3 Qg4 35. Ra2 Qg1+ 0-1

[Event "*** SCC Grand Prix: Titled Tuesday Blitz"]
[Site "Chess.com"]
[Date "2020.08.25"]
[Round "2"]
[White "JozefKneht"]
[Black "pavelalexandru07"]
[Result "1-0"]
[WhiteElo "2443"]
[BlackElo "2214"]
[TimeControl "180+1"]
[EndTime "10:19:36 PDT"]
[Termination "JozefKneht won by resignation"]

1. Nf3 c5 2. c4 a6 3. g3 g6 4. Bg2 Bg7 5. Nc3 Nc6 6. O-O e6 7. a3 Nge7 8. Rb1 d5 9. cxd5 exd5 10. b4 d4 11. Ne4 c4 12. d3 c3 13. Bg5 O-O 14.
e3 dxe3 15. fxe3 f6 16. Bf4 Be6 17. Nxc3 g5 18. Ne4 gxf4 19. gxf4 Nd5 20. Qd2 Qe7 21. Kh1 Rad8 22. Rg1 Kh8 23. Nc5 Bg8 24. e4 Nb6 25.
Qe3 Nc8 26. Bh3 Nd6 27. Rg2 Bh6 28. Rbg1 Ne5 29. Nh4 b6 30. Nxa6 f5 31. Nxf5 Nxf5 32.
Bxf5 Nxd3 33. Qxb6 Bxf4 34. Nc5 Nxc5 35. bxc5 Be3 36. Qb2+ Bd4 37. Qb1 Bxg1 38. Qxg1 Qxc5 39. Qxc5 1-0

[Event "*** SCC Grand Prix: Titled Tuesday Blitz"]
[Site "Chess.com"]
[Date "2020.08.25"]
[Round "2"]
[White "r31415"]
[Black "Tooweak2slow03"]
[Result "0-1"]
[WhiteElo "2463"]
[BlackElo "2691"]
[TimeControl "180+1"]
[EndTime "10:19:38 PDT"]
[Termination "Tooweak2slow03 won on time"]

1. e4 e6 2. d4 d5 3. Nc3 h6 4.
Bd3 Nc6 5. Nf3 Nb4 6. Be2 Nf6 7. e5 Ne4 8. Be3 c5 9. O-O Nc6 10. dxc5 Nxc3 11. bxc3 Qa5 12. Bd4 Bxc5 13. Bd3 Bxd4 14. cxd4 Bd7 15. Qe1 Qb6 16. Qe3 Qa5 17. Rfb1 Qc3 18.
Qe1 Qxe1+ 19. Rxe1 Nb4 20. Rab1 a5 21. Bf1 Ke7 22.
c3 Nxa2 23. Rb3 Rhc8 24. Re3 b5 25. Ra3 Nc1 26. Re1 b4 27. cxb4 a4 28. b5 Nb3 29.
Rd1 Rc1 30. Rxc1 Nxc1 31. Nd2 Rc8 32. Rxa4 Rc2 33. Nf3 Rb2 34. Ra7 Rb1 35. g3 Ne2+ 36. Kg2 Nc3 37. Bd3 Rb2 0-1

[Event "*** SCC Grand Prix: Titled Tuesday Blitz"]
[Site "Chess.com"]
[Date "2020.08.25"]
[Round "2"]
[White "saraswathii"]
[Black "alexrustemov"]
[Result "0-1"]
[WhiteElo "2293"]
[BlackElo "2659"]
[TimeControl "180+1"]
[EndTime "10:19:38 PDT"]
[Termination "alexrustemov won by resignation"]

1. e4 e6 2. d3 d5 3. Nd2 c5 4. Ngf3 Nc6 5. g3 g6 6. Bg2 Bg7 7. O-O Nge7 8. Qe2 b6 9. e5 Qc7 10. Re1 h6 11. h4 g5 12. hxg5 hxg5 13. Nxg5 Qxe5 14. Qxe5 Nxe5 15. Ngf3 N5c6 16. Nb3 Nb4 17. Re2 Ba6 18. a3 Nbc6 19. Re1 Rd8 20. Rd1 Nf5 21. c3 Bxd3 22. Rxd3 c4 23. Rd1 cxb3 24. Nd2 Na5 25. Bf1 Nd6 26. Re1 Ndc4 27. Nf3 Bxc3 28. Bxc4 Nxc4 29. bxc3 b2 30. Bxb2 Nxb2 31. a4 Nc4 32.
Nd4 Kd7 33. Ra2 Rc8 34. Rae2 Nd6 35. Re3 Ne4 36. Rc1 Rc4 37. a5 bxa5 38. Kg2 Rhc8 39. Ra1 a4 40. Ne2 Nxc3 41. Nxc3 Rxc3 42. Rxc3 Rxc3 43.
Rxa4 Rc7 44. Rf4 Kc6 45. Ra4 Kb5 46. Ra1 a5 47. Kf3 a4 48. Kf4 f6 49. Rb1+ Ka5 50. g4 Rc4+ 51. Kg3 a3 52. Ra1 Ka4 53. f4 Kb3 54. g5 fxg5 55. fxg5 Kb2 0-1

[Event "*** SCC Grand Prix: Titled Tuesday Blitz"]
[Site "Chess.com"]
[Date "2020.08.25"]
[Round "2"]
[White "MartinCerveny"]
[Black "Falia-p"]
[Result "1/2-1/2"]
[WhiteElo "2619"]
[BlackElo "2286"]
[TimeControl "180+1"]
[EndTime "10:19:40 PDT"]
[Termination "Game drawn by repetition"]

1. d4 Nf6 2. c4 e6 3. Nf3 d5 4. g3 dxc4 5. Bg2 a6 6. a4 Nc6 7.
O-O Rb8 8. Bg5 Be7 9. e3 h6 10. Bxf6 Bxf6 11. Nbd2 b5 12. axb5 axb5 13. Ne4 O-O 14.
b3 Ne7 15. bxc4 bxc4 16. Nxf6+ gxf6 17. Nd2 Bb7 18. Bxb7 Rxb7 19. Qc2 Qd5 20. Qxc4 Rfb8 21. Rfc1 Rb2 22. Qxd5 Nxd5 23. Nc4 R2b4 24. e4 Nb6 25. Nxb6 cxb6 26. Rc7 Rxd4 27. Raa7 Rf8 28. f3 b5 29.
Rab7 b4 30. Kg2 f5 31. exf5 exf5 32. Kh3 Kg7 33. f4 Re4 34. Rb5 Kg6 35. Rcc5 Rd8 36. Rxf5 Rd7 37. Kg4 Rc4 38. Rb6+ Kg7 39. Rfb5 Rc2 40. h4 Rc3 41. Rxb4 Rdd3 42. Kh5 Rxg3 43. f5 Rc5 44. Rg4+ Rxg4 45. Kxg4 Rc4+ 46. Kg3 h5 47. Rd6 Rg4+ 48. Kh3 Rf4 49. Rd5 Kf6 50. Rd6+ Kxf5 51. Rh6 Ke4 52. Rxh5 f5 53. Rh8 Rf1 54. h5 Kf3 55.
Kh4 Kf4 56. Kh3 Kf3 57. Kh4 Kf4 58. Kh3 Kf3 1/2-1/2

[Event "*** SCC Grand Prix: Titled Tuesday Blitz"]
[Site "Chess.com"]
[Date "2020.08.25"]
[Round "2"]
[White "vladislavkovalev"]
[Black "Nf3c5"]
[Result "1-0"]
[WhiteElo "2887"]
[BlackElo "2550"]
[TimeControl "180+1"]
[EndTime "10:19:41 PDT"]
[Termination "vladislavkovalev won by checkmate"]

1. e4 c5 2. Be2 d6 3. d3 g6 4. f4 Bg7 5. Nf3 Nc6 6. O-O f5 7.
exf5 gxf5 8. Ng5 Nf6 9. Bh5+ Kd7 10. Nf7 Qg8 11. Nxh8 Bxh8 12. Bf3 Kc7 13. c3 Be6 14.
Qe2 Qf7 15. Na3 a6 16. Nc4 Rg8 17. a4 h5 18. Re1 Bd7 19. Be3 Nd5 20. Bd2 h4 21.
Qf2 Bf6 22. Re2 e5 23. fxe5 dxe5 24. Qxc5 Ne7 25. Nxe5 Bxe5 26. Rxe5 Ng6 27. Rd5 h3 28. Qd6+ Kc8 29. g3 f4 30. Rf1 Nh4 31. Bxf4 Nxf3+ 32. Rxf3 Bg4 33. Rc5 Bxf3 34. Qb8+ Kd7 35. Qxb7+ Ke6 36. Rxc6+ Bxc6 37. Qxc6+ Kf5 38. Qe4+ Kf6 39. Qe5+ Kg6 40. Qg5+ Kh7 41. Qh6# 1-0

[Event "*** SCC Grand Prix: Titled Tuesday Blitz"]
[Site "Chess.com"]
[Date "2020.08.25"]
[Round "2"]
[White "Salem-AR"]
[Black "JesseKraai"]
[Result "1-0"]
[WhiteElo "2913"]
[BlackElo "2557"]
[TimeControl "180+1"]
[EndTime "10:19:42 PDT"]
[Termination "Salem-AR won by resignation"]

1. e4 d6 2. d4 Nf6 3. Nc3 e5 4. Nf3 Nbd7 5. Bc4 Be7 6. g4 g6 7. g5 Nh5 8. Be3 O-O 9. Qd2 c6 10. a3 b5 11. Ba2 Bb7 12. d5 Nb6 13. O-O-O Nc4 14. Qe2 Nxe3 15. fxe3 Rb8 16. Kb1 a5 17. dxc6 Bxc6 18. Nd5 b4 19. axb4 Bxd5 20. Rxd5 Rxb4 21. Nxe5 Qb8 22. Nc6 Rxb2+ 23. Ka1 Rxa2+ 24. Kxa2 Qc7 25. Qc4 Ng7 26. Rb1 Ne6 27. Qa6 Bxg5 28. Rxg5 Nxg5 29.
Rb7 Qxb7 30. Qxb7 Ne6 31. Ne7+ Kg7 32. Qb2+ f6 33. Nd5 Rf7 34. Qb6 Nc5 35. Qxd6 Nxe4 36. Qc6 f5 37. c4 Kh6 38. c5 Rf8 39. Nb6 Rd8 40. Nd7 Re8 41. Qc7 Re7 42. c6 Nf6 43.
Qd6 Ng8 44. c7 Rxd7 45. Qxd7 Nf6 46. Qd8 1-0

[Event "*** SCC Grand Prix: Titled Tuesday Blitz"]
[Site "Chess.com"]
[Date "2020.08.25"]
[Round "2"]
[White "Beltraxtor"]
[Black "vugarrasulov"]
[Result "1-0"]
[WhiteElo "2537"]
[BlackElo "2816"]
[TimeControl "180+1"]
[EndTime "10:19:42 PDT"]
[Termination "Beltraxtor won by resignation"]

1. e4 e5 2. Nf3 Nc6 3. Bb5 g6 4. c3 d6 5. d4 Bd7 6. d5 Nce7 7. Bxd7+ Qxd7 8. Be3 Bg7 9. Nfd2 f5 10. f3 Nf6 11.
c4 O-O 12. Nc3 fxe4 13. Ndxe4 Nf5 14. Bf2 Nh5 15. g4 Nd4 16. gxh5 Nxf3+ 17. Ke2 Nd4+ 18. Ke1 Qh3 19. hxg6 h6 20. Rg1 Rf4 21. Bg3 Raf8 22. Kd2 Nf3+ 23. Kc2 Nxg1 24. Qxg1 Rf1 25. Rxf1 Rxf1 26.
Qxa7 Qc8 27. c5 Bf8 28. Bf2 Qf5 29. cxd6 cxd6 30. Kb3 Qxg6 31. Qxb7 Qf5 32. a4 Ra1 33. Bb6 Bg7 34. a5 Qf3 35. a6 Qd3 36. a7 Qa6 37.
Qxa6 Rxa6 38. Nb5 Kh7 39. Be3 Kg6 40. Nc7 Ra5 41. Bb6 Ra1 42. Kb4 Bf8 43. Ba5 1-0

[Event "*** SCC Grand Prix: Titled Tuesday Blitz"]
[Site "Chess.com"]
[Date "2020.08.25"]
[Round "2"]
[White "lucasmito"]
[Black "MikaelyanArman"]
[Result "1-0"]
[WhiteElo "2527"]
[BlackElo "2794"]
[TimeControl "180+1"]
[EndTime "10:19:43 PDT"]
[Termination "lucasmito won on time"]

1. e4 e5 2. Nf3 Nc6 3. Bb5 a6 4. Ba4 Nf6 5. d4 exd4 6. O-O Be7 7. e5 Ne4 8. Nxd4 Nxd4 9. Qxd4 Nc5 10. Nc3 Nxa4 11.
Qxa4 O-O 12. Bf4 d5 13. exd6 Bxd6 14. Rad1 Bd7 15. Qd4 Bf5 16. Bxd6 Qxd6 17. Qxd6 cxd6 18. Rxd6 Bxc2 19. Rb6 Rab8 20. Re1 Rfe8 21. Re3 Rxe3 22. fxe3 Kf8 23. Kf2 Ke7 24. e4 f5 25. e5 Rd8 26. Rxb7+ Ke6 27. Rxg7 f4 28. Ra7 Kxe5 29. Rxa6 Rd2+ 30. Kf3 Rd3+ 31. Kf2 Rd2+ 32. Kf3 Rd3+ 33.
Ke2 Rd8 34. Ra5+ Ke6 35. a4 Bb3 36. Rb5 Bc4+ 37. Kf3 Bxb5 38. Nxb5 Rd2 39. b3 1-0

[Event "*** SCC Grand Prix: Titled Tuesday Blitz"]
[Site "Chess.com"]
[Date "2020.08.25"]
[Round "2"]
[White "Volodar_Murzin"]
[Black "Srisshhhtea"]
[Result "1-0"]
[WhiteElo "2659"]
[BlackElo "2296"]
[TimeControl "180+1"]
[EndTime "10:19:43 PDT"]
[Termination "Volodar_Murzin won on time"]

1. e4 e6 2. d4 d5 3. Nc3 Nf6 4. e5 Nfd7 5. Nce2 c5 6. c3 Nc6 7. f4 Be7 8. Nf3 b6 9. g3 O-O 10. h4 f5 11. Ng5 Ndb8 12. Be3 h6 13. Nf3 Ba6 14. h5 Nd7 15. Bh3 cxd4 16. Nexd4 Nxd4 17.
Nxd4 Nc5 18. Bf1 Bxf1 19. Kxf1 Qc8 20. Kg2 Ne4 21. Qe2 Bc5 22. Nf3 Be7 23. Rad1 Rd8 24. Rhg1 Rb8 25. Kh2 a6 26. Nd4 b5 27. g4 Bc5 28.
gxf5 Bxd4 29. Qg4 Rb7 30. Bxd4 exf5 31. Qg6 Re8 32. Qxh6 Qe6 33. Rg6 Qf7 34. Rdg1 Ree7 35. e6 Qf8 36. Kh3 1-0

[Event "*** SCC Grand Prix: Titled Tuesday Blitz"]
[Site "Chess.com"]
[Date "2020.08.25"]
[Round "2"]
[White "MashaFromRussia"]
[Black "annacramling"]
[Result "1-0"]
[WhiteElo "2406"]
[BlackElo "2132"]
[TimeControl "180+1"]
[EndTime "10:19:43 PDT"]
[Termination "MashaFromRussia won by resignation"]

1. d4 Nf6 2. c4 e6 3. g3 d5 4. Nf3 Bb4+ 5. Bd2 Bd6 6. Bg2 c6 7. O-O Nbd7 8. Qc2 O-O 9. b3 Re8 10. Nc3 dxc4 11. bxc4 e5 12. d5 Qc7 13. e4 cxd5 14.
cxd5 Nxd5 15. exd5 e4 16. Nd4 a6 17. Qd1 Be5 18.
Nde2 f5 19. Rc1 Qd6 20. Bf4 Bxf4 21. Nxf4 Ne5 22. Qd4 g5 23. Nfe2 Nf3+ 24. Bxf3 exf3 25. Rfe1 fxe2 26. Rxe2 Rxe2 27. Nxe2 Bd7 28. Qc5 Qe5 29.
Qc7 Qxe2 30. Qxd7 Re8 31. Qxf5 Qe5 32. Qd7 Kh8 33. h3 Qe4 34. d6 g4 35. hxg4 Qe5 36.
Qxb7 Rd8 37. d7 Qd6 38. Rc8 Qe7 39. Rxd8+ Qxd8 40. Qc8 Qxc8 41. dxc8=Q+ 1-0

[Event "*** SCC Grand Prix: Titled Tuesday Blitz"]
[Site "Chess.com"]
[Date "2020.08.25"]
[Round "2"]
[White "QuintilianoR"]
[Black "beto-betun"]
[Result "1-0"]
[WhiteElo "2610"]
[BlackElo "2106"]
[TimeControl "180+1"]
[EndTime "10:19:44 PDT"]
[Termination "QuintilianoR won on time"]

1. e4 c5 2. Nf3 d6 3. d4 cxd4 4. Nxd4 Nf6 5. Nc3 a6 6. Bd3 e5 7.
Nde2 Be7 8. O-O Be6 9. f4 exf4 10.
Nxf4 Nc6 11. h3 Ne5 12. Qe2 Rc8 13. Be3 O-O 14. Rad1 b5 15. a3 Bc4 16. Bd4 Nfd7 17. Ncd5 Nf6 18. Bxe5 Nxd5 19. Nxd5 dxe5 20. Bxc4 Rxc4 21.
Nf6+ Bxf6 22. Rxd8 Rxd8 23. c3 Rc6 24. Rd1 Rcd6 25.
Rxd6 Rxd6 26. a4 bxa4 27. Qc4 g6 28. Qxa4 Kg7 29. Qc2 h5 30. Kf2 Bh4+ 31. Kf3 Bg5 32. g3 h4 33. gxh4 Bxh4 34. Qa4 Bg5 35. Qa5 Rf6+ 36.
Ke2 Bf4 37. b4 Rd6 38. c4 Rd2+ 39. Ke1 Rd6 40. Qc5 Re6 41. Qd5 Rf6 42. c5 Bg3+ 43.
Kd1 1-0

[Event "*** SCC Grand Prix: Titled Tuesday Blitz"]
[Site "Chess.com"]
[Date "2020.08.25"]
[Round "2"]
[White "dpopadic"]
[Black "teacher4chess"]
[Result "1-0"]
[WhiteElo "2374"]
[BlackElo "2030"]
[TimeControl "180+1"]
[EndTime "10:19:44 PDT"]
[Termination "dpopadic won by checkmate"]

1. e4 Nf6 2. e5 Nd5 3. d4 Nb6 4. a4 a5 5. Nf3 d5 6. Bd3 Bg4 7.
h3 Bxf3 8. Qxf3 e6 9. O-O c5 10. c3 Nc6 11. Be3 cxd4 12. cxd4 Nc4 13. b3 Nxe3 14.
fxe3 Qe7 15. Nc3 f6 16. exf6 gxf6 17. Nb5 Bg7 18. Qh5+ Kd7 19. e4 dxe4 20. Bxe4 Qe8 21. Qf3 Rc8 22. d5 Ne5 23. dxe6+ Qxe6 24. Qh5 Ke7 25.
Rae1 Qb6+ 26. Kh1 Rc5 27. Nd4 Kd8 28. Qf5 Re8 29. Rd1 Kc7 30. Nb5+ Kb8 31. Qxh7 Rxb5 32. axb5 Re7 33. Qf5 Qxb5 34. Rd8+ Ka7 35. Qf2+ Qb6 36. Ra8+ Kxa8 37. Qxb6 Kb8 38. Qd8+ Ka7 39. Qxe7 Ng6 40.
Qxg7 Nf4 41. Qxb7# 1-0

[Event "*** SCC Grand Prix: Titled Tuesday Blitz"]
[Site "Chess.com"]
[Date "2020.08.25"]
[Round "2"]
[White "hongnhung1234"]
[Black "chesstatour"]
[Result "0-1"]
[WhiteElo "2332"]
[BlackElo "1895"]
[TimeControl "180+1"]
[EndTime "10:19:44 PDT"]
[Termination "chesstatour won by checkmate"]

1. e4 c6 2. d4 d5 3. f3 e6 4. Nc3 Bb4 5. Bf4 dxe4 6. fxe4 Nf6 7. Qd3 c5 8. dxc5 Qxd3 9. Bxd3 Bxc5 10. Nb5 Na6 11.
Nd6+ Ke7 12. Nxc8+ Raxc8 13. c3 Bxg1 14. Rxg1 Nc5 15.
Bc2 Ncxe4 16. Ke2 h6 17. Rad1 Rhd8 18. Be3 b6 19. Bd4 Nd6 20. Bb3 Nc4 21. Rb1 e5 22. Bxc4 Rxc4 23. Be3 Ng4 24. Rbd1 Rxd1 25. Rxd1 Re4 26.
Kf3 Nxe3 27. Re1 f5 28. Rxe3 Rxe3+ 29. Kxe3 Ke6 30. c4 g5 31. b4 e4 32. Kd4 Kd6 33. a4 a5 34. bxa5 bxa5 35. h3 h5 36. g3 h4 37.
gxh4 gxh4 38. Ke3 Kc5 39. Kf4 Kxc4 40. Kxf5 e3 41. Ke5 e2 42. Kd6 e1=Q 43. Kc6 Qb4 44. Kc7 Qxa4 45. Kd8 Qb4 46. Kc8 Qe7 47. Kb8 Kc5 48.
Ka8 Kc6 49. Kb8 Qb7# 0-1

[Event "*** SCC Grand Prix: Titled Tuesday Blitz"]
[Site "Chess.com"]
[Date "2020.08.25"]
[Round "2"]
[White "Larina_Marija"]
[Black "boasovietica"]
[Result "0-1"]
[WhiteElo "2096"]
[BlackElo "2398"]
[TimeControl "180+1"]
[EndTime "10:19:45 PDT"]
[Termination "boasovietica won by checkmate"]

1. e4 e5 2. Nf3 Nc6 3. Nc3 g6 4. d4 exd4 5. Nd5 Bg7 6. Bg5 f6 7. Bf4 d6 8. Nxd4 Nge7 9. Bc4 Nxd5 10. Nxc6 bxc6 11. exd5 c5 12. O-O O-O 13. Qd2 Rb8 14.
c3 Re8 15. Rfe1 Bf5 16. a4 Bd7 17. a5 Qc8 18. b4 cxb4 19. cxb4 f5 20. Rab1 Qd8 21.
h3 Qf6 22. Bh6 Qc3 23. Rxe8+ Bxe8 24. Qxc3 Bxc3 25. b5 Bxa5 26. Be3 Bb6 27. Kf1 Bxe3 28. fxe3 Kf7 29. Ke2 Rb6 30. Kd3 a6 31. Rb3 Bxb5 32. Bxb5 axb5 33. Rc3 Rb7 34. Kd4 Kf6 35. Rb3 b4 36. h4 h6 37. e4 fxe4 38. Kxe4 h5 39. g3 Rb8 40. Kf4 Rb7 41. Ke4 Rb5 42. Kd4 Kf5 43.
Rf3+ Kg4 44. Rf7 b3 45. Rxc7 b2 46. Kc4 b1=Q 47. Rf7 Rb4+ 48. Kc3 Qb2+ 49. Kd3 Rd4+ 50.
Ke3 Qd2# 0-1

[Event "*** SCC Grand Prix: Titled Tuesday Blitz"]
[Site "Chess.com"]
[Date "2020.08.25"]
[Round "2"]
[White "Schachmalanders"]
[Black "AlphaHero0"]
[Result "0-1"]
[WhiteElo "2338"]
[BlackElo "1955"]
[TimeControl "180+1"]
[EndTime "10:19:45 PDT"]
[Termination "AlphaHero0 won by checkmate"]

1. e4 Nc6 2. Nc3 e5 3. Nf3 Nf6 4. d4 exd4 5. Nxd4 Bb4 6. Nxc6 bxc6 7. Bd3 d5 8. exd5 cxd5 9. O-O O-O 10. h3 h6 11. Qf3 c6 12. Bf4 Be6 13. Ne2 Be7 14. Rfe1 c5 15. b3 c4 16. bxc4 dxc4 17. Be4 Nxe4 18.
Qxe4 Bf6 19. c3 Bd5 20. Qc2 Qa5 21. Nd4 Rfe8 22. Rab1 Rxe1+ 23. Rxe1 Bxd4 24. Rd1 Bf6 25. Qf5 Rd8 26. Be3 Bxc3 27. Bf4 g6 28. Qg4 Bg7 29. Qg3 Be6 30. Rf1 Qxa2 31. Bc7 Rd7 32. Be5 c3 33. Bxg7 Kxg7 34. Qe5+ Kg8 35. Qxc3 Qc4 36. Qe5 Qd5 37. Qb8+ Kg7 38. Re1 Qg5 39. Qb2+ Qf6 40. Qb8 Qf5 41.
Qb2+ Qf6 42. Qb8 Qg5 43. Re3 Kh7 44. Rf3 Kg7 45. Kh2 Qc1 46. Qb4 Qc7+ 47. g3 Qc6 48.
Qb2+ Kg8 49. Re3 Qd5 50. Rc3 Qd4 51. Rc8+ Kg7 52. Qc2 Bf5 53. Qe2 Rb7 54. g4 Rb2 55. Qe3 Qxe3 56. Rc2 Qxf2+ 57. Rxf2 Rxf2+ 58. Kg3 Rb2 59.
Kf4 a5 60. Kg3 a4 61. h4 Be6 62. g5 a3 63. gxh6+ Kxh6 64. Kf4 Kg7 65. Ke5 Bf5 66. Kd6 a2 67. Ke5 a1=Q 68. Kd6 Rd2+ 69. Kc5 Qc3+ 70. Kb5 Rb2+ 71. Ka4 Qc1 72. h5 Qa1# 0-1

[Event "*** SCC Grand Prix: Titled Tuesday Blitz"]
[Site "Chess.com"]
[Date "2020.08.25"]
[Round "2"]
[White "Ashedu66"]
[Black "MFBerna"]
[Result "0-1"]
[WhiteElo "2192"]
[BlackElo "2429"]
[TimeControl "180+1"]
[EndTime "10:19:46 PDT"]
[Termination "MFBerna won by resignation"]

1. d4 Nf6 2. Nf3 e6 3. c4 b6 4. a3 Bb7 5. Nc3 Be7 6. d5 O-O 7. e4 d6 8. Bd3 c6 9. dxe6 fxe6 10. O-O Nbd7 11. Ng5 Nc5 12. b4 Nxd3 13. Qxd3 Qd7 14.
e5 dxe5 15. Qxd7 Nxd7 16. Nxe6 Rf5 17. Rd1 Nf6 18. Ng5 a5 19. Be3 Ng4 20. Nge4 Nxe3 21.
fxe3 axb4 22. axb4 Rxa1 23. Rxa1 Bxb4 24. Rd1 Rf8 25. Rd7 Ba6 26. h4 Bxc4 27. Rc7 Bd5 28.
h5 h6 29. Rb7 b5 30. Nxd5 cxd5 31. Ng3 Be1 32. Ne2 b4 33. e4 dxe4 34. Nc1 e3 35. Ne2 Bf2+ 36. Kh2 Be1 37. Nc1 Bd2 38.
Nd3 e2 39. Re7 Rd8 40. Nxe5 e1=Q 41. Ng4 Bf4+ 0-1

[Event "*** SCC Grand Prix: Titled Tuesday Blitz"]
[Site "Chess.com"]
[Date "2020.08.25"]
[Round "2"]
[White "Zq1"]
[Black "snowlord"]
[Result "1-0"]
[WhiteElo "2532"]
[BlackElo "2814"]
[TimeControl "180+1"]
[EndTime "10:19:48 PDT"]
[Termination "Zq1 won by resignation"]

1. Nf3 c5 2. c4 Nf6 3. Nc3 d5 4. cxd5 Nxd5 5. e4 Nb4 6. Bb5+ N8c6 7. d4 cxd4 8. a3 dxc3 9. Qxd8+ Kxd8 10. axb4 cxb2 11.
Bxb2 f6 12. Bxc6 bxc6 13. Nd4 Bd7 14. Ra6 e5 15. Nxc6+ Bxc6 16. Rxc6 Bxb4+ 17. Ke2 Kd7 18. Ra6 Bc5 19. Rd1+ Ke7 20. Rd5 Bb6 21. Ba3+ Kf7 22. Bc5 Rhb8 23. Rd7+ Kg6 24. Be3 h5 25. h3 Bxe3 26.
Kxe3 Rb3+ 27. Ke2 Rb2+ 28. Kf3 Rc8 29. g4 Rc3+ 30. Kg2 Rcc2 31. Raxa7 Rxf2+ 32. Kg3 f5 33. Rxg7+ Kf6 34. exf5 e4 35. Rg6+ Ke5 36. Re6+ Kd4 37. Ra4+ Kd5 38. Raxe4 hxg4 39. hxg4 Rg2+ 40. Kh4 Rh2+ 41.
Kg5 Rb8 42. Re8 Rbb2 43. f6 Rbf2 44. R4e5+ Kd6 45. Rf5 1-0

[Event "*** SCC Grand Prix: Titled Tuesday Blitz"]
[Site "Chess.com"]
[Date "2020.08.25"]
[Round "2"]
[White "Sanan_Sjugirov"]
[Black "Artyom_ChessMate"]
[Result "0-1"]
[WhiteElo "2857"]
[BlackElo "2564"]
[TimeControl "180+1"]
[EndTime "10:19:49 PDT"]
[Termination "Artyom_ChessMate won by resignation"]

1. e4 c5 2. Nf3 d6 3. Bb5+ Bd7 4. Bxd7+ Qxd7 5. O-O Nc6 6. c3 Nf6 7. d4 Nxe4 8. d5 Ne5 9. Re1 Nxf3+ 10. Qxf3 Nf6 11. Na3 O-O-O 12. b4 cxb4 13. cxb4 Kb8 14. Qd3 e5 15. dxe6 fxe6 16. Nb5 e5 17. a4 a6 18. Nc3 d5 19. b5 e4 20. Qd4 Rc8 21. Bf4+ Bd6 22. Bxd6+ Qxd6 23. Red1 Ng4 24. g3 Rhd8 25. bxa6 Ne5 26.
Kg2 Nf3 27. Nb5 Nxd4 28. Nxd6 Rxd6 29. a7+ Kxa7 30. Rxd4 Rc4 31. Rxc4 dxc4 32. Rc1 Rc6 33. Kf1 Ka6 34. Ke2 Ka5 35. Rb1 b6 36. Ra1 c3 37.
Kd1 c2+ 38. Kc1 Kb4 39. Ra2 Kb3 40. Rb2+ Kxa4 41. Ra2+ Kb3 42. Ra8 b5 43. Rd8 b4 0-1